 Dungeon Crawl Stone Soup version 0.23.0-28-g6fe0f4dc8b (webtiles) character file.

Game seed: 7032181207676289476

11586 Peloso the Carver (level 11, 0/95 HPs)
             Began as a Minotaur Fighter on Feb 26, 2019.
             Was an Elder of Okawaru.
             Killed by divine providence
             ... invoked by an orc priest
              (12 damage)
             ... on level 11 of the Dungeon.
             The game lasted 00:19:44 (9060 turns).

Peloso the Carver (Minotaur Fighter)                Turns: 9060, Time: 00:19:45

Health: 0/95       AC: 17    Str: 22    XL:     11   Next: 51%
Magic:  10/10      EV:  9    Int:  5    God:    Okawaru [****..]
Gold:   301        SH: 12    Dex: 12    Spells: 10/10 levels left

rFire    . . .     SeeInvis .   a - +1 scimitar (flame)
rCold    . . .     Gourm    .   c - +0 shield
rNeg     + + +     Faith    .   e - +2 chain mail of Orelybio {rElec rPois rN++ rCorr}
rPois    +         Spirit   .   (helmet restricted)
rElec    +         Reflect  .   x - +0 cloak
rCorr    +         Harm     .   C - +0 pair of gloves
MR       .....                  (no boots)
Stlth    ..........             (no amulet)
HPRegen  0.25/turn              n - ring of positive energy
MPRegen  0.12/turn              s - ring of poison resistance

@: hasted, very quick
A: retaliatory headbutt, horns 2
a: Heroism, Renounce Religion


You were on level 11 of the Dungeon.
You worshipped Okawaru.
Okawaru was greatly pleased with you.
You were not hungry.

You visited 2 branches of the dungeon, and saw 12 of its levels.

You collected 651 gold pieces.
You spent 350 gold pieces at shops.

Inventory:

Hand Weapons
 a - a +1 scimitar of flaming (weapon)
Armour
 b - a +0 scale mail
 c - a +0 shield (worn)
 e - the +2 chain mail of Orelybio (worn) {rElec rPois rN++ rCorr}
   (You found it on level 4 of the Dungeon)

   It insulates you from electricity.
   It protects you from poison.
   It greatly protects you from negative energy.
   It provides partial protection from all sources of acid and corrosion.
 x - a +0 cloak (worn)
 C - a +0 pair of gloves (worn)
Jewellery
 n - a ring of positive energy (left hand)
 s - a ring of poison resistance (right hand)
Wands
 p - a wand of acid (23)
 z - a wand of flame (17)
 G - a wand of disintegration (26)
 I - a wand of digging (8)
Scrolls
 h - 3 scrolls of enchant weapon
 i - 11 scrolls of remove curse
 k - 3 scrolls of amnesia {unknown}
 l - 11 scrolls of teleportation {unknown}
 o - a scroll of enchant armour {unknown}
 v - a scroll of magic mapping {unknown}
 w - 3 scrolls of fear {unknown}
 y - a scroll of immolation {unknown}
 B - a scroll of fog {unknown}
 H - 2 scrolls of identify
Potions
 d - a potion of berserk rage
 g - a potion of lignification {unknown}
 j - 2 potions of agility
 q - 3 potions of flight
 r - a potion of brilliance {unknown}
 u - 2 potions of might
 E - a potion of mutation
 F - 2 potions of cancellation
Comestibles
 f - 16 rations


   Skills:
 + Level 8.7 Fighting
 + Level 12.8 Long Blades
 + Level 11.0 Armour
 + Level 4.6 Dodging
 + Level 1.1 Stealth
 + Level 11.1 Shields
 + Level 0.2 Invocations


You had 10 spell levels left.
You didn't know any spells.
Your spell library contained the following spells:

 Spells                   Type           Power        Failure   Level  Hunger
 Sting                    Conj/Pois      #...         99%         1    ##.....
 Summon Butterflies       Summ           #.......     99%         1    ##.....
 Summon Small Mammal      Summ           #...         99%         1    ##.....
 Recall                   Summ/Tloc      N/A          100%        3    ####...
 Summon Ice Beast         Ice/Summ       #.......     100%        4    #####..
 Alistair's Intoxication  Tmut/Pois      #.......     100%        5    ######.
 Summon Mana Viper        Hex/Summ       #.......     100%        5    ######.


Dungeon Overview and Level Annotations

Branches:
Dungeon (11/15)            Temple (1/1) D:4            Lair (0/6) D:10
    Orc (0/2) D:9

Altars:
Ashenzari
Cheibriados
Dithmenos
Elyvilon
Fedhas
Gozag
Hepliaklqana
Kikubaaqudgha
Makhleb
Nemelex Xobeh
Okawaru
Qazlal
Ru
Sif Muna
Trog
Uskayaw
Vehumet
Wu Jian
Xom
Yredelemnul
Zin
The Shining One

Shops:
D:6 !   D:9 }[

Annotations:
D:5 1 runed translucent door, P0WERM0DE's ghost, amateur DDFi


Innate Abilities, Weirdness & Mutations

You reflexively headbutt those who attack you in melee.
You have a pair of horns on your head.


Message History

You block the orc priest's attack.
Unknown command.
You barely miss the killer bee.
The killer bee is almost dead.
You block the killer bee's attack. x2
You slash the killer bee! You burn the killer bee.
You kill the killer bee!
Okawaru accepts your kill.
The orc priest invokes the aid of Beogh against you.
You are unaffected.
You see here a killer bee corpse.
The orc priest invokes the aid of Beogh against you.
Beogh smites you!
* * * LOW HITPOINT WARNING * * *
The orc priest casts a cantrip, but nothing happens.
You feel yourself speed up.
You feel better.
The orc priest mumbles some strange prayers to Beogh against you.
Beogh smites you!
You die...

##############
#............####
######.#y.y..).......>
#...†@.y.o##.)........
##########.#####.####.####....#
#.....<))).......# #y# ..##
...########.####### #y# #.#
###.### #)# y #.....# #y.
#.....# #.## ........# #.#
####....... #.#


You could see 3 killer bees and an orc priest.

Vanquished Creatures
  Erica (D:8)
  2 two-headed ogres
  An unseen horror (D:10)
  A cyclops (D:10)
  3 gargoyles
  A centaur zombie (D:10)
  A komodo dragon (D:10)
  A freezing wraith (D:10)
  3 trolls
  Grinder (D:4)
  2 hippogriffs
  Sigmund (D:6)
  A wraith (D:10)
  6 yaks (D:10)
  A hungry ghost (D:9)
  2 wargs (D:9)
  A soldier ant (D:10)
  4 ice beasts
  4 orc warriors
  3 sky beasts
  2 ogres
  A phantom (D:5)
  3 centaurs
  A big kobold (D:8)
  A crocodile (D:7)
  6 bullfrogs
  A gnoll sergeant (D:7)
  2 scorpions (D:10)
  A wyvern skeleton (D:10)
  13 killer bees
  2 howler monkeys
  7 crimson imps
  A bullfrog zombie (D:9)
  3 hounds
  7 orc priests
  A jelly (D:11)
  A bullfrog skeleton (D:10)
  A centaur skeleton (D:5)
  4 iguanas
  6 orc wizards
  3 worker ants
  A worker ant zombie (D:10)
  12 gnolls
  A howler monkey skeleton (D:7)
  9 adders
  2 shadow imps
  An ooze (D:5)
  An adder skeleton (D:4)
  An adder zombie (D:9)
  4 worms
  6 dart slugs
  6 leopard geckos
  34 orcs
  7 bats
  9 giant cockroaches
  2 goblins
  10 hobgoblins
  15 jackals
  A quokka (D:8)
  5 frilled lizards
  9 kobolds
  A quokka skeleton (D:4)
  8 rats
252 creatures vanquished.

Notes
Turn   | Place    | Note
-------+----------+-------------------------------------------
     0 | D:1      | Peloso the Minotaur Fighter began the quest for the Orb.
     0 | D:1      | Reached XP level 1. HP: 19/19 MP: 0/0
    76 | D:1      | Reached XP level 2. HP: 27/27 MP: 1/1
   348 | D:1      | Reached skill level 3 in Long Blades
   395 | D:1      | Reached XP level 3. HP: 32/33 MP: 2/2
   776 | D:2      | Reached XP level 4. HP: 41/41 MP: 3/3
   879 | D:2      | Reached skill level 4 in Long Blades
   944 | D:2      | You fall through a shaft for 2 floors!
   985 | D:4      | Reached skill level 1 in Dodging
   985 | D:4      | Reached XP level 5. HP: 42/47 MP: 4/4
  1215 | D:4      | Noticed an ogre
  1226 | D:4      | Killed an ogre
  1226 | D:4      | Reached skill level 5 in Long Blades
  1319 | D:4      | Reached XP level 6. HP: 49/53 MP: 5/5
  1535 | D:4      | Reached skill level 5 in Armour
  1574 | D:4      | Found a staircase to the Ecumenical Temple.
  1650 | D:4      | Got a spiked chain mail
  1661 | D:4      | Identified the +2 chain mail of Orelybio {rElec rPois rN++
                  | rCorr} (You found it on level 4 of the Dungeon)
  1782 | Temple   | Entered the Ecumenical Temple
  2339 | D:3      | Found a glowing golden altar of the Shining One.
  3586 | D:5      | Entered Level 5 of the Dungeon
  3587 | D:5      | Noticed Grinder
  3614 | D:4      | Killed Grinder
  3614 | D:4      | Reached skill level 6 in Long Blades
  3614 | D:4      | Reached skill level 5 in Shields
  3614 | D:4      | Reached XP level 7. HP: 49/60 MP: 6/6
  3821 | D:5      | Reached skill level 7 in Long Blades
  3980 | D:5      | Reached XP level 8. HP: 48/67 MP: 7/7
  4033 | D:5      | Found an opulent altar of Gozag.
  4033 | D:5      | Found a glowing silver altar of Zin.
  4110 | D:5      | Found a shimmering altar of Xom.
  4293 | D:5      | Found a runed translucent door.
  4293 | D:5      | Noticed P0WERM0DE's ghost (amateur DDFi)
  4393 | D:5      | Found a shimmering altar of Xom.
  4566 | D:6      | Noticed Sigmund
  4588 | D:6      | Killed Sigmund
  4588 | D:6      | Reached skill level 5 in Fighting
  4694 | D:6      | Found Deides's Distillery.
  4702 | D:6      | Bought a potion of mutation for 112 gold pieces
  4702 | D:6      | Bought a potion of cancellation for 112 gold pieces
  4702 | D:6      | Bought a potion of might for 56 gold pieces
  4702 | D:6      | Bought a potion of heal wounds for 70 gold pieces
  4736 | D:6      | Found a hazy altar of Hepliaklqana.
  4898 | D:7      | Reached skill level 8 in Long Blades
  5489 | D:8      | You fall through a shaft!
  5524 | D:9      | Reached skill level 9 in Long Blades
  5773 | D:9      | Reached XP level 9. HP: 55/74 MP: 8/8
  5825 | D:9      | Reached skill level 1 in Stealth
  6158 | D:9      | Found a staircase to the Orcish Mines.
  6245 | D:9      | Noticed a two-headed ogre
  6256 | D:9      | Killed a two-headed ogre
  6256 | D:9      | Reached skill level 10 in Long Blades
  6396 | D:9      | Reached XP level 10. HP: 83/83 MP: 9/9
  6593 | D:9      | Found a glowing golden altar of the Shining One.
  6594 | D:9      | Found an iron altar of Okawaru.
  6674 | D:9      | Became a worshipper of Warmaster Okawaru
  6708 | D:9      | Found Zaotuirph's Armour Emporium.
  6824 | D:9      | Found Qadeuz's Gadget Boutique.
  7060 | D:8      | Found an iron altar of Okawaru.
  7133 | D:8      | Reached * piety under Okawaru
  7133 | D:8      | Reached skill level 10 in Shields
  7231 | D:8      | Found a blossoming altar of Fedhas.
  7232 | D:8      | Found an ancient bone altar of Kikubaaqudgha.
  7290 | D:8      | Reached skill level 11 in Long Blades
  7406 | D:8      | Noticed Erica
  7440 | D:8      | Killed Erica
  7440 | D:8      | Reached ** piety under Okawaru
  7632 | D:8      | Found a radiant altar of Vehumet.
  7767 | D:10     | Entered Level 10 of the Dungeon
  7833 | D:10     | Killed an unseen horror
  7860 | D:10     | Reached skill level 10 in Armour
  7889 | D:10     | Found a staircase to the Lair.
  7913 | D:10     | Reached *** piety under Okawaru
  8096 | D:10     | Noticed a two-headed ogre
  8115 | D:10     | Killed a two-headed ogre
  8115 | D:10     | Reached XP level 11. HP: 59/93 MP: 10/10
  8250 | D:10     | Reached skill level 12 in Long Blades
  8671 | D:10     | Reached **** piety under Okawaru
  8697 | D:10     | Identified Katud's Tome of the Escort and Venom
  9060 | D:11     | Killed from afar by an orc priest

Skill      XL: |  1  2  3  4  5  6  7  8  9 10 11 |
---------------+----------------------------------+-----
Fighting       | 4 5 6 7 8 |  8.7
Shields        | 4 5 6 8 9 10 11 | 11.1
Armour         | 4 5 6 7 9 10 11 | 11.0
Long Blades    | 3 4 5 6 7 9 10 11 12 | 12.8
Dodging        | 1 2 3 4 |  4.6
Stealth        | 1 |  1.1
Invocations    | |  0.2

Action                   |  1- 3 |  4- 6 |  7- 9 | 10-12 || total
-------------------------+-------+-------+-------+-------++-------
Melee: Long sword        |    59 |   149 |   348 |   115 ||   671
       Headbutt          |     7 |    27 |    84 |    67 ||   185
       Scimitar          |       |       |       |   231 ||   231
Invok: Heroism           |       |       |       |     2 ||     2
  Use: Potion            |       |     1 |     5 |     8 ||    14
       Scroll            |       |     6 |     5 |     1 ||    12
  Eat: Chunk             |       |     9 |     8 |     7 ||    24
       Ration            |       |       |     1 |     1 ||     2
Armor: Scale mail        |    21 |    19 |       |       ||    40
       Chain mail        |       |    32 |   149 |   137 ||   318
Dodge: Dodged            |    22 |    40 |    98 |    82 ||   242
Block: Shield            |    27 |    68 |   193 |   167 ||   455
       Rpst.: Long sword |     4 |    11 |    21 |     2 ||    38
       Scimitar          |       |       |       |    15 ||    15
